 Dungeon Crawl Stone Soup version 0.23.0 (webtiles) character file.

Game seed: 8455110719249854024

189 Borgoz the Ducker (level 5, -1/32 HPs)
             Began as a Gargoyle Gladiator on Feb 9, 2019.
             Slain by a phantom (4 damage)
             ... on level 4 of the Dungeon.
             The game lasted 00:04:02 (2989 turns).

Borgoz the Ducker (Gargoyle Gladiator)              Turns: 2989, Time: 00:04:04

Health: -1/32      AC:  8    Str: 18    XL:     5   Next: 68%
Magic:  5/5        EV: 13    Int:  8    God:
Gold:   93         SH:  0    Dex: 12    Spells: 4/4 levels left

rFire    . . .     SeeInvis .   a - +0 war axe
rCold    . . .     Gourm    .   (no shield)
rNeg     + . .     Faith    .   s - +0 leather armour
rPois    ∞         Spirit   .   c - +0 helmet
rElec    +         Reflect  .   (no cloak)
rCorr    .         Harm     .   (no gloves)
MR       .....                  (no boots)
Stlth    +.........             (no amulet)
HPRegen  0.10/turn              (no ring)
MPRegen  0.09/turn              (no ring)

@: no status effects
A: negative energy resistance 1, electricity resistance, unbreathing,
petrification resistance, rot immunity, AC +4
a: no special abilities


You were on level 4 of the Dungeon.
You were not hungry.

You visited 1 branch of the dungeon, and saw 4 of its levels.

You collected 93 gold pieces.

Inventory:

Hand Weapons
 a - a +0 war axe (weapon)
 b - a +2 whip of venom
Missiles
 d - 3 throwing nets (quivered)
Armour
 c - a +0 helmet (worn)
 s - a +0 leather armour (worn)
Wands
 t - a wand of acid (10)
Scrolls
 e - 3 scrolls of remove curse {unknown}
 g - a scroll of random uselessness {unknown}
 h - a scroll of enchant armour {unknown}
 j - a scroll of fear {unknown}
 k - 4 scrolls of identify {unknown}
 l - 3 scrolls of teleportation {unknown}
 m - 2 scrolls of amnesia {unknown}
 o - a scroll of immolation {unknown}
Potions
 i - 3 potions of lignification {unknown}
 n - a potion of flight {unknown}
 p - a potion of agility {unknown}
 q - a potion of ambrosia {unknown}
 r - a potion of mutation {unknown}
 u - 2 potions of curing {unknown}
Comestibles
 f - 5 rations


   Skills:
 + Level 3.3 Fighting
 + Level 3.4 Axes
 - Level 1.7 Throwing
 + Level 2.3 Armour
 * Level 3.7 Dodging


You had 4 spell levels left.
You didn't know any spells.
Your spell library was empty.

Dungeon Overview and Level Annotations

Branches:
Dungeon (4/15)
 Temple: D:4-7

Altars:
Vehumet


Innate Abilities, Weirdness & Mutations

You are resistant to torment.
Your stone body is resilient. (AC +4)
You are immune to poison.
You resist negative energy. (rN+)
You are resistant to electric shocks. (rElec)
You can survive without breathing.
You are immune to petrification.
You are immune to rotting.


Message History

You hit the phantom but do no damage.
The phantom is almost destroyed.
The phantom blinks!
The phantom blinks!
You hit the phantom.
The phantom is almost destroyed.
The phantom hits you.
* * * LOW HITPOINT WARNING * * *
The phantom hits you.
* * * LOW HITPOINT WARNING * * *
You closely miss the phantom.
The phantom is almost destroyed.
The phantom completely misses you.
You barely miss the phantom.
The phantom is almost destroyed.
The phantom closely misses you.
You hit the phantom but do no damage.
The phantom is almost destroyed.
The phantom hits you.
You die...

..#........#
#........>...#
#...##.......#
#...##.......#
#.........>..##
#####...##.#..#
##...#.##.###
#:#÷#.##.$.##
#....@W.##.!##
###.#.#......#
#...####...#
##..# #..# #..#
#... #..# ...#
#..# ..# #..#
... .##


You could see a phantom.

Vanquished Creatures
  An orc wizard (D:3)
  7 adders
  An ooze (D:3)
  2 dart slugs
  2 worms (D:2)
  2 leopard geckos
  6 orcs (D:3)
  3 ball pythons
  A giant cockroach (D:1)
  11 goblins
  11 hobgoblins
  7 jackals
  7 kobolds
  2 quokkas
  5 bats
  2 frilled lizards
  A quokka skeleton (D:3)
  6 rats
77 creatures vanquished.

Notes
Turn   | Place    | Note
-------+----------+-------------------------------------------
     0 | D:1      | Borgoz the Gargoyle Gladiator began the quest for the Orb.
     0 | D:1      | Reached XP level 1. HP: 12/12 MP: 1/1
    43 | D:1      | Reached XP level 2. HP: 17/18 MP: 2/2
   278 | D:1      | Reached skill level 1 in Armour
   298 | D:1      | Reached XP level 3. HP: 15/22 MP: 3/3
  1172 | D:2      | Reached XP level 4. HP: 27/27 MP: 4/4
  1863 | D:2      | Found a faded altar of an unknown god.
  1926 | D:3      | Reached XP level 5. HP: 31/32 MP: 5/5
  2640 | D:3      | Found a radiant altar of Vehumet.
  2942 | D:4      | Noticed a phantom
  2989 | D:4      | Slain by a phantom

Skill      XL: |  1  2  3  4  5 |
---------------+----------------+-----
Armour         | 1 2 |  2.3
Axes           | 3 |  3.4
Dodging        | 3 |  3.7
Fighting       | 3 |  3.3
Throwing       | |  1.7

Action                   |  1- 3 |  4- 6 || total
-------------------------+-------+-------++-------
Melee: War axe           |    83 |   145 ||   228
       Whip              |       |     3 ||     3
  Eat: Chunk             |       |     7 ||     7
Armor: Leather armour    |    55 |    59 ||   114
Dodge: Dodged            |    71 |   122 ||   193
